Match 47079551
Unlisted

Match 47079551
End
Construct Infanterie Kompanie
Selects Terror Battlegroup
Selects Machine Gun Camouflage
MG 42 Machine Gun Team
Grenadier Squad
Grenadier Squad
Infanterie Officer Quarters
Grenadier Squad
Medical Station
Construct Panzergrenadier Kompanie
Panzergrenadier Squad
Panzergrenadier Officer Quarters
Pioneer Squad
Medical Bunker
Panzergrenadier Squad
Pak 40 Anti-tank Gun Team
Construct Panzer Kompanie
Selects Defend the Fatherland
Sturmpanzer IV Brummbär
Panzer Officer Quarters
Selects Interrogate
Selects Jericho Trumpet
Support Elements
Nebelwerfer 42 Rocket Launcher Team
Selects V1 Rocket Strike
V1 Rocket Strike
Stoßtruppen Squad
Be Frabjous
SpedChild23
It's Takotime
KingHillBilly
godsarmylds
thecolonel90
Stug Life
BWAAAAHH!
0
0

Comments sign in to comment!

No comments posted yet!